 Dungeon Crawl Stone Soup version 0.21.1-1-g345015fe64 (webtiles) character file.

359 Kohma the Grave Robber (level 6, -4/49 HPs)
             Began as a Deep Dwarf Necromancer on June 9, 2018.
             Splashed by a jelly's acid (5 damage)
             ... on level 5 of the Dungeon.
             The game lasted 00:36:56 (5845 turns).

Kohma the Grave Robber (Deep Dwarf Necromancer)     Turns: 5845, Time: 00:36:56

Health: -4/49      AC: -1    Str: 12 (14) XL:     6   Next: 37%
Magic:  10/10      EV: 11    Int: 14 (15) God:
Gold:   110        SH:  0    Dex: 10 (13) Spells: 5/10 levels left

rFire    . . .     SeeInvis .   j - +2 dagger (venom)
rCold    + . .     Gourm    .   (no shield)
rNeg     . . .     Faith    .   m - +0 ring mail {rC+}
rPois    .         Spirit   .   (no helmet)
rElec    .         Reflect  .   a - +0 cloak
rCorr    .         Harm     .   (no gloves)
MR       .....                  (no boots)
Stlth    ++........             (no amulet)
HPRegen  0.00/turn              (no ring)
MPRegen  0.12/turn              (no ring)

@: corroded, non-regenerating
A: damage resistance, heal wounds, camouflage 1, sense surroundings 1, screaming
1, wild magic 1, no regeneration
a: Heal Wounds


You were on level 5 of the Dungeon.
You were not hungry.

You visited 1 branch of the dungeon, and saw 5 of its levels.

You collected 110 gold pieces.

Inventory:

Hand Weapons
 j - a +2 dagger of venom (weapon)
 k - a +1 whip of venom
 p - a +1 dagger of draining
Missiles
 f - 3 curare-tipped needles
 g - 42 poisoned needles
 i - 142 stones (quivered)
 o - 41 bolts
Armour
 a - a +0 cloak (worn)
 m - a +0 ring mail of cold resistance (worn)
Scrolls
 d - a scroll of fear {unknown}
 l - a scroll of identify {unknown}
 q - a scroll of enchant weapon
Potions
 e - 3 potions of curing
 h - a potion of mutation
 n - a potion of degeneration
Books
 b - a book of Necromancy

   Spells                             Type                      Level
   a - Pain                           Necromancy                   1
   b - Animate Skeleton               Necromancy                   1
   c - Vampiric Draining              Necromancy                   3
   d - Regeneration                   Charms/Necromancy            3
   e - Animate Dead                   Necromancy                   4
   f - Borgnjor's Vile Clutch         Necromancy/Earth             5
Comestibles
 c - 4 rations


   Skills:
 - Level 0.2 Maces & Flails
 * Level 3.5 Armour
 + Level 3.7 Dodging
 - Level 2.9 Stealth
 + Level 2.7 Spellcasting
 * Level 6.0 Necromancy


You had 5 spell levels left.
You knew the following spells:

 Your Spells              Type           Power        Failure   Level  Hunger
a - Pain                  Necr           ###.         7%          1    #......
b - Animate Skeleton      Necr           N/A          7%          1    #......
c - Vampiric Draining     Necr           ###.......   17%         3    ###....


Dungeon Overview and Level Annotations

Branches:
Dungeon (5/15)
 Temple: D:4-7

Altars:
Dithmenos
Sif Muna
Trog
Wu Jian

Annotations:
D:4 Menkaure
D:5 359359's ghost, amateur OpTm


Innate Abilities, Weirdness & Mutations

You are resistant to damage.
You can heal yourself by infusing magical energy.
You passively map a small area around you.
You do not regenerate.
Your skin changes colour to match your surroundings (Stealth+).
You occasionally shout uncontrollably at your foes.
Your spells are a little harder to cast, but a little more powerful.


Message History

The bullfrog skeleton closely misses you.
The jelly hits you but does no damage.
You hit the jelly.
Your hands burn!
* * * LOW HITPOINT WARNING * * *
The jelly is almost dead.
The bullfrog skeleton hits you.
* * * LOW HITPOINT WARNING * * *
The jelly closely misses you.
Your ring mail prevents you from hitting the jelly.
The jelly is almost dead.
The bullfrog skeleton hits you but does no damage. x2
The jelly hits you but does no damage.
You hit the jelly but do no damage.
Your hands burn!
* * * LOW HITPOINT WARNING * * *
The jelly is almost dead.
The bullfrog skeleton barely misses you.
The jelly hits you.
* * * LOW HITPOINT WARNING * * *
The acid corrodes you!
You are splashed with acid!
The acid burns!
You die...

#.#.#..##...## *
W.#..........# ** *
#.#.#...#.##.. *
..).#......#*# *
#####...############
#.....#........W...#
#$################.#
** ....#####.# , ,*
#...J@ZW# *
######### , * *, * ,
, * *


You could see a jelly, 359359's ghost and a bullfrog skeleton.

Vanquished Creatures
  A scorpion (D:4)
  An orc wizard (D:2)
  An orc priest (D:3)
  2 worker ants (D:4)
  A hound skeleton (D:4)
  2 worker ant zombies
  3 gnolls (D:3)
  2 adders (D:2)
  2 oozes
  2 worms
  4 leopard geckos
  21 orcs
  A ball python (D:2)
  2 giant cockroaches
  6 goblins
  4 hobgoblins
  5 jackals
  3 quokkas
  4 bats
  5 frilled lizards
  4 kobolds
  A rat (D:2)
77 creatures vanquished.

Vanquished Creatures (collateral kills)
  A gnoll (D:3)
  An adder (D:2)
  A worm (D:2)
  An orc (D:3)
  A hobgoblin (D:3)
  A bat (D:2)
6 creatures vanquished.

Grand Total: 83 creatures vanquished

Notes
Turn   | Place    | Note
-------+----------+-------------------------------------------
     0 | D:1      | Kohma the Deep Dwarf Necromancer began the quest for the Orb.
     0 | D:1      | Reached XP level 1. HP: 15/15 MP: 3/3
     2 | D:1      | Learned a level 1 spell: Animate Skeleton
   463 | D:1      | Reached XP level 2. HP: 11/22 MP: 4/4
  2274 | D:2      | Reached XP level 3. HP: 9/28 MP: 6/6
  2279 | D:2      | Learned a level 3 spell: Vampiric Draining
  2323 | D:2      | Gained mutation: You occasionally shout uncontrollably at your foes. [potion of mutation]
  2323 | D:2      | Gained mutation: Your spells are a little harder to cast, but a little more powerful. [potion of mutation]
  2323 | D:2      | Gained mutation: Your skin changes colour to match your surroundings (Stealth+). [potion of mutation]
  2361 | D:2      | Reached skill level 1 in Armour
  2361 | D:2      | Reached skill level 5 in Necromancy
  2832 | D:2      | Reached XP level 4. HP: 15/36 MP: 2/7
  3755 | D:3      | Reached XP level 5. HP: 37/42 MP: 1/8
  3956 | D:3      | Found a shadowy altar of Dithmenos.
  4087 | D:3      | Found an ornate altar of the Wu Jian Council.
  5121 | D:3      | HP: 2/42 [gnoll/spear (5)]
  5135 | D:3      | Reached XP level 6. HP: 2/49 MP: 4/9
  5448 | D:5      | Entered Level 5 of the Dungeon
  5544 | D:4      | Found a deep blue altar of Sif Muna.
  5544 | D:4      | Found a bloodstained altar of Trog.
  5627 | D:4      | Reached skill level 6 in Necromancy
  5692 | D:4      | Noticed Menkaure
  5815 | D:5      | Noticed 359359's ghost (amateur OpTm)
  5845 | D:5      | HP: 2/49 [acid (2)]
  5845 | D:5      | Splashed by a jelly's acid

Skill      XL: |  1  2  3  4  5  6 |
---------------+-------------------+-----
Spellcasting   | 2 |  2.7
Armour         | 1 2 3 |  3.5
Necromancy     | 5 6 |  6.0
Dodging        | 3 |  3.7
Maces & Flails | |  0.2
Stealth        | |  2.9

Action                   |  1- 3 |  4- 6 || total
-------------------------+-------+-------++-------
Melee: Dagger            |    19 |   125 ||   144
       Unarmed           |     1 |       ||     1
       Whip              |     4 |     6 ||    10
Throw: Stone             |       |     2 ||     2
 Cast: Pain              |    42 |    34 ||    76
       Animate Skeleton  |     8 |    15 ||    23
       Vampiric Draining |     2 |    28 ||    30
  Use: Scroll            |     4 |     1 ||     5
       Potion            |     3 |     2 ||     5
 Stab: Distracted        |       |     1 ||     1
  Eat: Chunk             |     3 |     5 ||     8
       Ration            |     2 |     2 ||     4
Armor: Robe              |     5 |       ||     5
       Scale mail        |     6 |       ||     6
       Ring mail         |       |    60 ||    60
Dodge: Dodged            |    21 |   119 ||   140
